 Dungeon Crawl Stone Soup version 0.29.1 (webtiles) character file.

Game seed: 17846032874306020232

1187 Lremus the Cleaver (level 8, 0/67 HPs)
             Began as a Hill Orc Fighter on Sept 12, 2022.
             Slain by an ogre
             ... wielding a +0 giant club
              (15 damage)
             ... on level 5 of the Dungeon.
             The game lasted 00:09:39 (5195 turns).

Lremus the Cleaver (Hill Orc Fighter)               Turns: 5195, Time: 00:09:39

Health: 0/67       AC: 10    Str: 21    XL:     8   Next: 43%
Magic:  8/8        EV:  7    Int:  8    God:
Gold:   238        SH:  5    Dex: 16    Spells: 7/7 levels left

rFire   . . .      SeeInvis .   a - +0 war axe
rCold   . . .      Faith    .   c - +0 buckler
rNeg    . . .      Spirit   .   y - +0 chain mail
rPois   .          Reflect  .   j - +0 helmet
rElec   .          Harm     .   (no cloak)
rCorr   .          Rampage  .   (no gloves)
Will    .....                   (no boots)
Stlth   ..........              (no amulet)
HPRegen 0.21/turn               w - +6 ring of dexterity
MPRegen 0.11/turn               (no ring)

@: mighty
A: no striking features
a: no special abilities


You were on level 5 of the Dungeon.
You visited 2 branches of the dungeon, and saw 7 of its levels.

You collected 388 gold pieces.
You spent 150 gold pieces at shops.

Inventory:

Hand Weapons
 a - a +0 war axe (weapon)
 b - a +0 arbalest
Missiles
 e - 41 stones (quivered)
 k - 13 poisoned darts
 n - 8 javelins
 o - 10 boomerangs
Armour
 c - a +0 buckler (worn)
 j - a +0 helmet (worn)
 y - a +0 chain mail (worn)
Jewellery
 w - a +6 ring of dexterity (left hand)
Wands
 x - a wand of charming (8)
Scrolls
 f - 2 scrolls of fear
 g - 3 scrolls of teleportation
 i - a scroll of fog {unknown}
 l - a scroll of amnesia {unknown}
 q - a scroll of torment {unknown}
 r - a scroll of noise {unknown}
 s - 2 scrolls of vulnerability {unknown}
 v - a scroll of enchant weapon {unknown}
 A - 3 scrolls of identify
Potions
 d - a potion of might
 h - a potion of flight
 m - 6 potions of curing
 p - 3 potions of lignification
 t - a potion of brilliance {unknown}
 u - a potion of attraction {unknown}
 z - a potion of heal wounds {unknown}
 B - 3 potions of ambrosia
 C - 2 potions of invisibility {unknown}


   Skills:
 + Level 4.9 Fighting
 - Level 11.3 Axes
 + Level 4.5 Armour
 + Level 4.5 Shields


You had 7 spell levels left.
You didn't know any spells.
Your spell library contained the following spells:

 Spells                   Type           Power      Damage    Failure   Level
 Sublimation of Blood     Necr           0%         N/A       100%        2
 Wereblood                Tmut           0%         N/A       100%        2
 Ozocubu's Armour         Ice            0%         N/A       100%        3
 Metabolic Englaciation   Hex/Ice        0%         N/A       100%        5
 Simulacrum               Ice/Necr       0%         N/A       100%        6
 Summon Hydra             Summ           0%         N/A       100%        7


Dungeon Overview and Level Annotations

Branches:
Dungeon (6/15)             Temple (1/1) D:5

Altars:
Ashenzari
Cheibriados
Dithmenos
Fedhas
Gozag
Nemelex Xobeh
Okawaru
Qazlal
Sif Muna
Uskayaw
Vehumet
Wu Jian
Yredelemnul
The Shining One

Shops:
D:1 ?

Annotations:
D:6 Grinder, Sigmund


Message History

You barely miss the lemure. You closely miss the lemure.
Pikel says, "You'll make a fine lemure."
Pikel hits you but does no damage. The lemure hits you but does no damage.
You block the lemure's attack.
You slash Pikel!
Pikel is heavily wounded.
You barely miss the lemure. You slash the lemure! Pikel completely misses you.
The lemure hits you. The lemure hits you but does no damage.
You slash Pikel!
Pikel is almost dead.
You slash the lemure!
You kill the lemure!
That felt strangely unrewarding.
You barely miss the lemure. You barely miss Pikel.
Pikel is almost dead.
You slash the lemure! Pikel hits you but does no damage.
The lemure barely misses you.
You closely miss Pikel.
Pikel is almost dead.
You barely miss the lemure. Pikel hits you but does no damage.
The lemure hits you but does no damage.
You slash Pikel!
You kill Pikel!
You hit the lemure.
With Pikel's spell broken, his former minion thanks you for its freedom.
The lemure departs this earthly plane.
Your Fighting skill increases to level 4!
Your Armour skill increases to level 4!
Your Shields skill increases to level 4!
You have reached level 8!
You slice the orc!!
You kill the orc!
You slash the ogre!
The ogre is moderately wounded.
The ogre hits you with a +0 giant club!
* * * LOW HITPOINT WARNING * * *
You slash the ogre!
The ogre is severely wounded.
The ogre hits you with a +0 giant club!
You die...

#####...## ###...####...#...#
#.....#..##### #...### #...#.#.#
#.######.....# #.### #..[).#.#
..# #####.###.# #.....#.# .##
#.##..# ####..#.# .## #....##
#.....#.# ..# ####....##
#.##..#.# #'#######....##))#####
#.#####.#
....#.....######@O...####.##..#.#
#'#.##.#### ###............#.#
#>#.'..# #.......#.._.#.#
###.##.# #.....<.#....#.#
....##.# #.......###..#.#
#'###..# #.......# ######
#.....## ######### #######


You could see an ogre.

Vanquished Creatures
  Pikel (D:5)
  Prince Ribbit (D:5)
  Menkaure (D:5)
  A lemure (D:5)
  An ogre (D:5)
  A phantom (D:5)
  2 hounds (D:5)
  An orc priest (D:5)
  2 iguanas
  3 gnolls (D:4)
  2 adders (D:3)
  An ufetubus (D:5)
  2 worms (D:3)
  3 dart slugs
  11 orcs
  3 ball pythons
  8 endoplasms
  2 giant cockroaches
  7 goblins
  6 hobgoblins
  12 jackals
  2 quokkas (D:2)
  3 bats
  A frilled lizard (D:3)
  12 kobolds
  6 rats
95 creatures vanquished.

Vanquished Creatures (others)
  11 plants (D:3)
11 creatures vanquished.

Grand Total: 106 creatures vanquished

Notes
Turn   | Place    | Note
-------+----------+-------------------------------------------
     0 | D:1      | Lremus the Hill Orc Fighter began the quest for the Orb.
     0 | D:1      | Reached XP level 1. HP: 19/19 MP: 1/1
    97 | D:1      | Reached skill level 3 in Axes
   174 | D:1      | Reached XP level 2. HP: 25/26 MP: 2/2
   304 | D:1      | Found Reiqe's Magic Scroll Shoppe.
   318 | D:1      | Reached skill level 4 in Axes
   863 | D:1      | Found a faded altar of an unknown god.
   939 | D:1      | Reached XP level 3. HP: 27/31 MP: 3/3
  1255 | D:2      | Reached skill level 5 in Axes
  1426 | D:2      | You fall into a shaft and drop 2 floors!
  1572 | D:3      | Reached XP level 4. HP: 32/39 MP: 4/4
  2403 | D:3      | Reached skill level 6 in Axes
  3351 | D:4      | Found an ornate altar of the Wu Jian Council.
  3373 | D:4      | Reached XP level 5. HP: 33/45 MP: 5/5
  3498 | D:4      | Reached skill level 7 in Axes
  3893 | D:5      | Entered Level 5 of the Dungeon
  3958 | D:5      | Noticed Menkaure
  3958 | D:5      | Noticed a phantom
  3966 | D:5      | Noticed Prince Ribbit
  3972 | D:5      | Killed Menkaure
  3972 | D:5      | Killed a phantom
  3973 | D:5      | Reached skill level 9 in Axes
  3973 | D:5      | Reached XP level 6. HP: 13/51 MP: 6/6
  3978 | D:5      | HP: 2/51 [Prince Ribbit (12)]
  3979 | D:5      | Killed Prince Ribbit
  3980 | D:5      | Reached skill level 10 in Axes
  3980 | D:5      | Reached XP level 7. HP: 2/57 MP: 7/7
  4340 | D:1      | Bought a scroll of fear for 40 gold pieces
  4340 | D:1      | Bought a scroll of fear for 40 gold pieces
  4340 | D:1      | Bought a scroll of identify for 20 gold pieces
  4340 | D:1      | Bought a scroll of identify for 20 gold pieces
  4340 | D:1      | Bought a scroll of teleportation for 30 gold pieces
  4611 | D:5      | Found a shimmering blue altar of Sif Muna.
  4639 | D:5      | Found a staircase to the Ecumenical Temple.
  4647 | Temple   | Entered the Ecumenical Temple
  4911 | D:6      | Noticed Pikel
  4937 | D:6      | Noticed Grinder
  4940 | D:6      | Paralysed by Grinder for 4 turns
  5078 | D:6      | Noticed Sigmund
  5125 | D:5      | Reached skill level 11 in Axes
  5192 | D:5      | Killed Pikel
  5193 | D:5      | Reached XP level 8. HP: 24/67 MP: 8/8
  5195 | D:5      | Slain by an ogre

Illustrated notes

Levels and vault maps discovered:
D:1:      evilmike_arrival_hilbert_curve, layout_loops_ring,
          dilly_ecumenical_altar_fadedgnrine, serial_shops, shop,
          minmay_statues_item, reono_crystal_passage
D:2:      layout_loops_ring, minmay_cut_off
D:3:      layout_rooms, hangedman_feature_mirror, lexackson_kobold_supper
D:4:      wander_river, layout_basic, nicolae_wu_jian_wuxing_cycle
D:5:      layout_rooms, mainiacjoe_overflow_alcove_1,
          minmay_temple_entry_glassed_door, minmay_misc_feat_diagonals,
          uniq_prince_ribbit1, uniq_menkaure
D:6:      layout_rooms, zin_statuary, kennysheep_generic_room_8, uniq_pikel,
          uniq_sigmund, uniq_grinder
Temple:   nicolae_temple_x_marks_the_god

Skill      XL: |  1  2  3  4  5  6  7 |
---------------+----------------------+-----
Axes           | 3 4 5 6 9 10 11 | 11.3
Fighting       | 4 |  4.9
Armour         | 4 |  4.5
Shields        | 4 |  4.5

Action                   |  1- 3 |  4- 6 |  7- 9 || total
-------------------------+-------+-------+-------++-------
Melee: War axe           |    88 |   105 |    41 ||   234
Throw: Stone             |     3 |    10 |       ||    13
  Use: Potion            |       |     1 |     1 ||     2
       Scroll            |       |       |     4 ||     4
Armor: Scale mail        |    42 |    18 |       ||    60
       Chain mail        |       |    19 |    23 ||    42
Dodge: Dodged            |    45 |    38 |    16 ||    99
Block: Buckler           |    16 |    17 |    11 ||    44
